 Dungeon Crawl Stone Soup version 0.25-a0-663-gace7076 (webtiles) character file.

Game seed: 14054590195488472435, levelgen mode: deterministic

821 MrTaco21 the Basher (level 7, 0/41 HPs)
             Began as a Gargoyle Fighter on Mar 24, 2020.
             Killed by divine providence
             ... invoked by an orc priest
              (12 damage)
             ... on level 5 of the Dungeon.
             The game lasted 00:06:45 (5564 turns).

MrTaco21 the Basher (Gargoyle Fighter)              Turns: 5564, Time: 00:06:46

Health: 0/41       AC: 15    Str: 21    XL:     7   Next: 95%
Magic:  7/7        EV:  7    Int:  9    God:
Gold:   286        SH:  9    Dex:  9    Spells: 6/6 levels left

rFire    + . .     SeeInvis .   a - +0 flail
rCold    . . .     Gourm    .   c - +0 kite shield
rNeg     + . .     Faith    .   p - +2 scale mail {rF+}
rPois    ∞         Spirit   .   u - +1 helmet
rElec    +         Reflect  .   (no cloak)
rCorr    .         Harm     .   (no gloves)
MR       .....                  (no boots)
Stlth    ..........             (no amulet)
HPRegen  0.13/turn              (no ring)
MPRegen  0.10/turn              (no ring)

@: no status effects
A: negative energy resistance 1, electricity resistance, unbreathing,
petrification resistance, rot immunity, AC +4
a: no special abilities


You were on level 5 of the Dungeon.
You were very hungry.

You visited 1 branch of the dungeon, and saw 5 of its levels.

You collected 286 gold pieces.

Inventory:

Hand Weapons
 a - a +0 flail (weapon)
Missiles
 s - 39 poisoned darts (quivered)
Armour
 c - a +0 kite shield (worn)
 p - a +2 scale mail of fire resistance (worn)
   (You took it off an orc on level 3 of the Dungeon)
 u - a +1 helmet (worn)
   (You found it on level 3 of the Dungeon)
Scrolls
 f - a scroll of blinking {unknown}
 g - 2 scrolls of magic mapping {unknown}
 h - 3 scrolls of remove curse {unknown}
 k - 5 scrolls of enchant armour {unknown}
 m - 6 scrolls of identify {unknown}
 r - a scroll of amnesia {unknown}
 t - 2 scrolls of teleportation {unknown}
 x - a scroll of immolation {unknown}
Potions
 b - a potion of heal wounds {unknown}
 d - a potion of might
 i - a potion of degeneration {unknown}
 j - 3 potions of flight {unknown}
 l - 2 potions of lignification {unknown}
 n - a potion of brilliance {unknown}
 o - 3 potions of curing {unknown}
 q - 2 potions of mutation {unknown}
 w - a potion of resistance {unknown}
 z - a potion of haste {unknown}
Comestibles
 e - 10 rations {!d}


   Skills:
 - Level 3.2 Fighting
 + Level 8.9 Maces & Flails
 - Level 3.2 Armour
 - Level 3.2 Shields


You had 6 spell levels left.
You didn't know any spells.
Your spell library contained the following spells:

 Spells                   Type           Power        Failure   Level  Hunger
 Summon Small Mammal      Summ           #...         99%         1    ##.....
 Call Imp                 Summ           #.......     100%        2    ###....
 Call Canine Familiar     Summ           #.......     100%        3    ####...
 Summon Guardian Golem    Hex/Summ       #.......     100%        3    ####...
 Summon Ice Beast         Ice/Summ       #.......     100%        4    #####..
 Summon Lightning Spire   Summ/Air       #.......     100%        4    #####..


Dungeon Overview and Level Annotations

Branches:
Dungeon (5/15)
 Temple: D:4-7

Altars:
Cheibriados
Dithmenos
The Shining One

Annotations:
D:5 Sigmund


Innate Abilities, Weirdness & Mutations

You are resistant to torment.
Your stone body is resilient. (AC +4)
You are immune to poison.
You resist negative energy. (rN+)
You are resistant to electric shocks. (rElec)
You can survive without breathing.
You are immune to petrification.
You are immune to rotting.


Message History

There is an open door here.
There is a stone staircase leading down here.
You climb downwards.
Level annotation: Sigmund
There is a stone staircase leading up here.
Found 17 arrows.
You see here 17 arrows.
An orc comes into view. It is wielding a +0 dagger.
The orc shouts!
You hear a shout! x2
An orc comes into view. It is wielding a +0 whip.
You barely miss the orc. The orc closely misses you.
You closely miss the orc. The orc hits you but does no damage.
You completely miss the orc. You thump the orc!
You kill the orc!
An orc priest comes into view. It is wielding a +0 hand axe.
You hit the orc. The orc hits you but does no damage. x2
You sock the orc!
You kill the orc!
The orc priest mumbles some strange prayers to Beogh against you.
You struggle to resist.
Things that are here:
a +0 whip; a +0 leather armour; an orc corpse You block the orc priest's attack.
An orc priest comes into view. It is wielding a +0 trident of flaming.
You closely miss the orc priest.
The orc priest hits you but does no damage.
You thump the orc priest!
The orc priest invokes the aid of Beogh against you.
Beogh smites you!
You barely miss the orc priest. You block the orc priest's attack.
The orc priest hits you but does no damage.
You closely miss the orc priest. You block the orc priest's attack.
You barely miss the orc priest. You block the orc priest's attack.
The orc priest hits you with a +0 hand axe.
You barely miss the orc priest. You block the orc priest's attack. x2
You barely miss the orc priest. You block the orc priest's attack.
The orc priest closely misses you.
Your shield and scale mail prevent you from hitting the orc priest.
You block the orc priest's attack. x2
You hit the orc priest but do no damage.
You block the orc priest's attack.
The orc priest invokes the aid of Beogh against you.
Beogh smites you!
* * * LOW HITPOINT WARNING * * *
You hit the orc priest but do no damage.
The orc priest miscasts a cantrip.
The orc priest invokes the aid of Beogh against you.
Beogh smites you!
You die...

### #.# ####### #.#
..##.# #.#
#.##.####.########
#.##.##..........#
#)........######.#
#)##.##.#..# #.#
#@##.##.#..#####.#
#o##.##...........
#o##.##.#...####.#
.................#
..................
...................
##.##.##.#..#####..
#.# # #..
##.#####..


You could see 2 orc priests.

Vanquished Creatures
  Grinder (D:5)
  A phantom (D:4)
  An ogre (D:4)
  A scorpion (D:2)
  3 orc wizards (D:4)
  An orc priest (D:4)
  2 hounds
  3 worker ants (D:4)
  A hound skeleton (D:4)
  4 adders
  An ooze (D:3)
  2 worms
  2 dart slugs
  4 leopard geckos
  19 orcs
  5 bats
  3 giant cockroaches (D:1)
  5 goblins
  4 hobgoblins
  4 jackals
  4 quokkas
  6 frilled lizards
  A jackal skeleton (D:4)
  5 kobolds
  5 rats
88 creatures vanquished.

Notes
Turn   | Place    | Note
-------+----------+-------------------------------------------
     0 | D:1      | MrTaco21 the Gargoyle Fighter began the quest for the Orb.
     0 | D:1      | Reached XP level 1. HP: 14/14 MP: 1/1
   104 | D:1      | Reached XP level 2. HP: 19/19 MP: 2/2
   368 | D:1      | Reached skill level 3 in Maces & Flails
   953 | D:2      | Reached XP level 3. HP: 20/23 MP: 3/3
   984 | D:2      | Found a faded altar of an unknown god.
  1058 | D:2      | Found a snail-covered altar of Cheibriados.
  1058 | D:2      | Found a glowing golden altar of the Shining One.
  1058 | D:2      | Found a shadowy altar of Dithmenos.
  1060 | D:2      | Noticed a scorpion
  1062 | D:2      | Found a transporter.
  1114 | D:2      | Found a transporter.
  1866 | D:2      | Killed a scorpion
  1866 | D:2      | Reached skill level 4 in Maces & Flails
  1866 | D:2      | Reached XP level 4. HP: 8/28 MP: 4/4
  1877 | D:2      | HP: 1/28 [hound (1)]
  1878 | D:2      | Reached skill level 5 in Maces & Flails
  1878 | D:2      | Reached XP level 5. HP: 2/32 MP: 5/5
  3163 | D:4      | Noticed an ogre
  3334 | D:4      | Reached skill level 6 in Maces & Flails
  3334 | D:4      | Reached XP level 6. HP: 37/37 MP: 6/6
  3487 | D:4      | Noticed a phantom
  3531 | D:4      | Killed a phantom
  3531 | D:4      | Reached skill level 7 in Maces & Flails
  3704 | D:4      | Reached XP level 7. HP: 41/41 MP: 7/7
  3709 | D:4      | Found a shadowy altar of Dithmenos.
  4596 | D:4      | Reached skill level 8 in Maces & Flails
  4855 | D:5      | Entered Level 5 of the Dungeon
  4855 | D:5      | Noticed Sigmund
  5103 | D:5      | Noticed Grinder
  5121 | D:5      | Killed Grinder
  5564 | D:5      | Killed from afar by an orc priest

Levels and vault maps discovered:
D:1:      dpeg_arrival_rooms_a, layout_basic, minmay_misc_feat_tiny
D:2:      layout_loops_corners, gammafunk_temple_overflow_arena,
          chequers_ecumenical_altar_simple_redux, first_ration
D:3:      layout_loops_ring
D:4:      layout_gridville, grunt_dithmenos_smoke_and_mirrors
D:5:      layout_basic, minmay_temple_entry_fiery, kennysheep_pointless_box,
          uniq_sigmund, uniq_grinder

Skill      XL: |  1  2  3  4  5  6  7 |
---------------+----------------------+-----
Maces & Flails | 3 4 5 6 7 8 |  8.9
Fighting       | |  3.2
Armour         | |  3.2
Shields        | |  3.2

Action                   |  1- 3 |  4- 6 |  7- 9 || total
-------------------------+-------+-------+-------++-------
Melee: Flail             |   124 |   247 |   109 ||   480
Throw: Dart              |       |       |     7 ||     7
  Eat: Chunk             |     3 |     7 |     4 ||    14
Armor: Scale mail        |    90 |   126 |    58 ||   274
Dodge: Dodged            |    36 |    74 |    28 ||   138
Block: Kite shield       |    82 |   108 |    52 ||   242

Table legend:
 A = Non-vault XP
 B = Vault XP
 C = Vault XP percentage of total XP
 D = Non-vault monster count
 E = Vault monster count
 F = Vault count percentage of total count
                 A         B        C        D         E       F
            +---------+---------+-------+---------+---------+-------
      Total |     773 |     401 |  34.2 |      84 |       4 |   4.5
            +---------+---------+-------+---------+---------+-------
        D:1 |      31 |       0 |   0.0 |      17 |       0 |   0.0
        D:2 |      26 |     115 |  81.6 |       8 |       3 |  27.3
        D:3 |      89 |       0 |   0.0 |      28 |       0 |   0.0
        D:4 |     613 |       0 |   0.0 |      26 |       0 |   0.0
        D:5 |      14 |     286 |  95.3 |       5 |       1 |  16.7
            +---------+---------+-------+---------+---------+-------
